 Dungeon Crawl Stone Soup version 0.29-a0-416-g83a48905f1 (webtiles) character file.

Game seed: 8440344071028417707

97 croobank the Sneak (level 4, -1/27 HPs)
             Began as an Octopode Fire Elementalist on May 16, 2022.
             Slain by a gnoll
             ... wielding a +0 club
             ... led by a gnoll shaman
              (4 damage)
             ... on level 2 of the Dungeon.
             The game lasted 00:07:45 (2532 turns).

croobank the Sneak (Octopode Fire Elementalist)     Turns: 2532, Time: 00:07:50

Health: -1/27      AC:  1    Str:  5 (7)  XL:     4   Next: 68%
Magic:  5/7        EV: 13    Int: 17 (19) God:
Gold:   123        SH:  0    Dex: 10 (12) Spells: 1/8 levels left

rFire   . . .      SeeInvis .   f - +0 dagger
rCold   + . .      Faith    .   (no shield)
rNeg    . . .      Spirit   .   (helmet restricted)
rPois   .          Reflect  .   (no amulet)
rElec   .          Harm     .   o - ring of protection from cold
rCorr   .          Rampage  .   (no ring)
Will    .....                   (no ring)
Stlth   +++.......              (no ring)
HPRegen 0.09/turn               (no ring)
MPRegen 0.10/turn               (no ring)
                                (no ring)
                                (no ring)

@: brilliant
A: almost no armour, amphibious, 8 rings, camouflage 1, gelatinous body 1,
(nimble swimmer 1), tentacles
a: no special abilities


You were on level 2 of the Dungeon.
You visited 1 branch of the dungeon, and saw 3 of its levels.

You collected 123 gold pieces.

Inventory:

Hand Weapons
 e - a +0 hunting sling
 f - a +0 dagger (weapon)
 i - a +0 hand axe
Missiles
 b - 3 poisoned darts
 j - 53 stones
Jewellery
 k - a ring of ice
 o - a ring of protection from cold (left tentacle)
Scrolls
 c - a scroll of identify {unknown}
 l - a scroll of enchant weapon {unknown}
 m - a scroll of teleportation
 n - a scroll of immolation {unknown}
 p - 2 scrolls of amnesia
Potions
 a - a potion of magic
 h - a potion of ambrosia {unknown}


   Skills:
 + Level 2.7 Dodging
 + Level 3.8 Stealth
 + Level 2.6 Spellcasting
 + Level 2.0 Conjurations
 + Level 3.5 Fire Magic


You had one spell level left.
You knew the following spells:

 Your Spells              Type           Power      Damage    Failure   Level
a - Foxfire               Conj/Fire      68%        2x1d7     6%          1
b - Scorch                Fire           42%        2d7       6%          2
c - Flame Wave            Conj/Fire      17%        2d6       50%         4

Your spell library contained the following spells:

 Spells                   Type           Power      Damage    Failure   Level
 Conjure Flame            Conj/Fire      17%        6-21      17%         3
 Inner Flame              Hex/Fire       12%        N/A       26%         3


Dungeon Overview and Level Annotations

Branches:
Dungeon (3/15)

Altars:


Innate Abilities, Weirdness & Mutations

You cannot wear most types of armour.
You are amphibious.
You can wear up to eight rings at the same time.
Your skin changes colour to match your surroundings (Stealth+).
Your rubbery body absorbs attacks. (AC +1, EV +1)
((You are camouflaged when in or above water. (Stealth+)))
You have tentacles for arms and can constrict up to eight enemies at once.


Message History

Your magical contamination has completely faded away.
You start resting.
Magic restored.
You start resting.
HP restored.
You climb downwards.
The gnoll barely misses you. The endoplasm barely misses you.
The gnoll shaman closely misses you. The gnoll misses you.
There is a stone staircase leading up here.
The gnoll shaman closely misses you. The gnoll misses you.
The endoplasm hits you. The gnoll hits you with a +0 club.
You climb upwards.
There is a stone staircase leading down here.
Casting: Foxfire (safe; 4% risk of failure)
Confirm with . or Enter, or press ? or * to list all spells.
Okay, then.
Casting: Foxfire (safe; 4% risk of failure)
Confirm with . or Enter, or press ? or * to list all spells.
Flames lash the gnoll shaman.
The gnoll shaman is lightly wounded.
The gnoll shaman's fire resistance burns away.
The endoplasm freezes you.
You are frozen.
You resist.
The gnoll shaman hits you with a +0 whip!
Ouch! That really hurt!
* * * LOW HITPOINT WARNING * * *
The gnoll misses you.
It was a potion of degeneration.
There was something very wrong with that liquid.
You feel weakened.
You feel dopey.
You feel clumsy. The endoplasm hits you.
* * * LOW HITPOINT WARNING * * *
The gnoll shaman barely misses you. The gnoll closely misses you.
It was a potion of brilliance.
You feel clever all of a sudden. The endoplasm freezes you.
You are frozen.
You resist.
* * * LOW HITPOINT WARNING * * *
The gnoll shaman barely misses you. The gnoll hits you with a +0 club.
You die...

# ###...)..#.##..##.#......#
# #.......#)#.####.#.#.....#
# #.......##.#....#.##.....#
####......#.##......##.#....#
...).....#.#..........#.#...#
...#.....##............##...#
...#....#................#..#
...#............J...........#
##'#.###....##.g@g.'........#
#....###..##########.......##
#....'....# #..........#
#....####.#######....#######
..........)........).#
...####.....##########
.#≈#≈≈≈##...# .#≈≈≈≈≈≈#...#
##≈≈#≈#≈##..#


You could see a gnoll shaman (combustible), a gnoll and an endoplasm.

Vanquished Creatures
  A gnoll (D:2)
  3 adders
  A worm (D:2)
  3 dart slugs
  4 ball pythons
  4 endoplasms (D:1)
  5 giant cockroaches
  6 goblins (D:2)
  4 hobgoblins
  2 jackals (D:1)
  A quokka (D:2)
  3 bats
  3 frilled lizards
  5 kobolds
  2 rats (D:1)
47 creatures vanquished.

Vanquished Creatures (others)
  58 foxfires
58 creatures vanquished.

Grand Total: 105 creatures vanquished

Notes
Turn   | Place    | Note
-------+----------+-------------------------------------------
     0 | D:1      | croobank the Octopode Fire Elementalist began the quest for
                  | the Orb.
     0 | D:1      | Reached XP level 1. HP: 11/11 MP: 3/3
   426 | D:1      | Reached XP level 2. HP: 17/17 MP: 3/5
   473 | D:1      | Learned a level 2 spell: Scorch
  1040 | D:1      | Found a faded altar of an unknown god.
  1071 | D:1      | Reached XP level 3. HP: 21/21 MP: 6/6
  1906 | D:2      | Reached XP level 4. HP: 27/27 MP: 3/7
  2042 | D:2      | Learned a level 4 spell: Flame Wave
  2532 | D:2      | Slain by a gnoll

Illustrated notes

Levels and vault maps discovered:
D:1:      lightli_molten_gateway, layout_loops_corners,
          dreamdust_ecumenical_altar_grove
D:2:      layout_basic, minivault_4, minmay_misc_feat_secret_circle
D:3:      layout_loops_ring, grunt_dithmenos_smoke, serial_shops, shop

Skill      XL: |  1  2  3  4 |
---------------+-------------+-----
Stealth        | 3 |  3.8
Conjurations   | 2 |  2.0
Dodging        | |  2.7
Spellcasting   | |  2.6
Fire Magic     | |  3.5

Action                   |  1- 3 |  4- 6 || total
-------------------------+-------+-------++-------
Melee: Unarmed           |     5 |       ||     5
       Tentacles         |    12 |       ||    12
       Constrict         |    11 |     5 ||    16
       Dagger            |    32 |    17 ||    49
       Punch             |     2 |       ||     2
 Cast: Foxfire           |    27 |     9 ||    36
       Scorch            |     2 |     4 ||     6
  Use: Scroll            |     4 |       ||     4
       Potion            |       |     2 ||     2
 Stab: Sleeping          |     8 |       ||     8
Armor: Skin              |     4 |     2 ||     6
Dodge: Dodged            |    25 |    22 ||    47

Table legend: (Time is in decaauts)
 A = Elapsed time spent in this place.
 B = Non-inter-level travel time spent in this place.
 C = Inter-level travel time spent in this place.
 D = Time resting spent in this place.
 E = Time spent auto-exploring this place.
 F = Levels seen in this place.
 G = Mean time per level.
                   A        B        C        D        E       F      G
               +--------+--------+--------+--------+--------+-----+--------+
         Total |   2532 |   2408 |    124 |    475 |   1564 |   3 |  844.0 |
       Dungeon |   2532 |   2408 |    124 |    475 |   1564 |   3 |  844.0 |
               +--------+--------+--------+--------+--------+-----+--------+

Top non-repeatable levels by time:
     D:1: 1385 daAuts
     D:2: 1126 daAuts
     D:3: 20 daAuts
